 Dungeon Crawl Stone Soup version 0.31-a0-1529-g7bd419a0e5 (console) character file.

Game seed: 4628582331748717001

959 petzl the Sneak (level 8, -4/61 HPs)
             Began as a Formicid Delver on Dec 31, 2023.
             Slain by a killer bee (5 damage)
             ... on level 7 of the Dungeon.
             The game lasted 00:23:47 (5835 turns).

petzl the Sneak (Formicid Delver)                   Turns: 5835, Time: 00:23:48

Health: -4/61      AC:  5    Str: 18    XL:     8   Next: 37%
Magic:  12/12      EV: 12    Int: 11    God:
Gold:   251        SH:  0    Dex: 15    Spells: 8/12 levels left

rFire   . . .        a - +0 rapier (venom)
rCold   . . .        (no shield)
rNeg    . . .        E - +0 ring mail
rPois   .            (helmet unavailable)
rElec   .            B - scarf {+Inv}
rCorr   .            (no gloves)
SInv    +            (no boots)
Will    .....        x - amulet of the acrobat
Stlth   +++          q - ring of flight
HPRegen 0.30/turn    (no ring)
MPRegen 0.13/turn

%: acrobat
@: lethally poisoned (-4 -> -14), flying
A: permanent stasis, dig shafts and tunnels, antennae 3, four strong arms
a: Dig, Shaft Self, Evoke Invisibility


You were on level 7 of the Dungeon.
You visited 1 branch of the dungeon, and saw 9 of its levels.

You collected 251 gold pieces.

Inventory:

Hand Weapons
 a - a +0 rapier of venom (weapon)
 b - a +0 shortbow
 c - a +3 flail
 s - a +3 heavy trident
 C - a +1 short sword of draining
Missiles
 i - 6 silver javelins
 n - 17 poisoned darts
 v - 3 curare-tipped darts (quivered)
Armour
 y - a +0 leather armour
 B - a scarf of invisibility (worn)
 E - a +0 ring mail (worn)
 F - a +0 kite shield
Jewellery
 q - a ring of flight (left hand)
 x - an amulet of the acrobat (around neck)
Wands
 f - a wand of digging (3)
Scrolls
 d - a scroll of revelation
 h - a scroll of brand weapon {unknown}
 m - 2 scrolls of poison {unknown}
 o - 2 scrolls of immolation
 r - 2 scrolls of blinking {unknown}
 t - 2 scrolls of enchant weapon {unknown}
 u - a scroll of vulnerability
 A - a scroll of enchant armour
 D - a scroll of fog
 I - a scroll of summoning {unknown}
Potions
 g - 7 potions of heal wounds {unknown}
 j - a potion of haste {unknown}
 k - a potion of attraction {unknown}
 l - 3 potions of brilliance
 p - 2 potions of might {unknown}
 z - a potion of curing {unknown}
 G - a potion of lignification {unknown}
 H - a potion of degeneration {unknown}


   Skills:
 + Level 4.6 Fighting
 - Level 2.0 Maces & Flails
 * Level 2.5 Ranged Weapons
 + Level 2.9 Armour
 * Level 4.1 Dodging
 + Level 6.7 Stealth
 + Level 2.7 Spellcasting
 * Level 2.0 Conjurations
 + Level 1.8 Translocations
 * Level 2.7 Earth Magic
 + Level 2.0 Evocations


You had 8 spell levels left.
You knew the following spells:

 Your Spells              Type           Power      Damage    Failure   Level
a - Stone Arrow           Conj/Erth      12%        3d7       45%         3
p - Apportation           Tloc           10%        N/A       22%         1

Your spell library contained the following spells:

 Spells                   Type           Power      Damage    Failure   Level
 Sandblast                Erth           14%        2d6       16%         1
 Passwall                 Erth           7%         N/A       41%         3
 Summon Small Mammal      Summ           4%         N/A       43%         1
 Jinxbite                 Hex            2%         N/A       56%         2
 Call Canine Familiar     Summ           1%         N/A       80%         3
 Brom's Barrelling Bould  Conj/Erth      6%         2d3       86%         4
 Animate Armour           Summ/Erth      8%         N/A       95%         4
 Ignite Poison            Fire/Alch      1%         N/A       99%         4
 Sticky Flame             Fire/Alch      1%         2d4       99%         4
 Summon Blazeheart Golem  Fire/Summ      1%         N/A       99%         4
 Alistair's Intoxication  Alch           0%         N/A       100%        5
 Ignition                 Fire           0%         3d3       100%        8
 Lehudib's Crystal Spear  Conj/Erth      3%         10d2      100%        8


Dungeon Overview and Level Annotations

Branches:
Dungeon (9/15)
 Temple: D:4-7         Lair: D:8-11         Orc: D:9-12

Altars:

Annotations:
D:3 exclusion: downstairs
D:4 1 runed translucent door, Crazy Yiuf
D:5 exclusion: downstairs
D:6 exclusion: water moccasin
D:7 exclusion: downstairs


Innate Abilities, Weirdness & Mutations

You cannot be hasted, slowed, berserked, paralysed or teleported.
You can dig through walls and to a lower floor.
You have a pair of large antennae on your head. (SInv)
Your four strong arms can wield two-handed weapons with a shield.


Message History

You barely miss the killer bee. The killer bee barely misses you.
The killer bee stings you.
You are poisoned.
The killer bee poisons you!
You closely miss the killer bee.
You feel sick. The killer bee closely misses you. The killer bee stings you.
You are more poisoned.
The killer bee poisons you! The killer bee stings you.
You closely miss the killer bee.
You feel very sick. The killer bee barely misses you.
The killer bee stings you.
You miss the killer bee.
You feel very sick.
The killer bee barely misses you. x2; The killer bee closely misses you.
Okay, then.
Unknown command.
Unknown command.
Throw: 3 darts (curare)
Press: ? - help, Q - select action, (/) - cycle Shift-Dir - straight line, f - killer bee
Aim: a killer bee (26% to hit)
Okay, then.
Unknown command.
Unknown command.
You closely miss the killer bee.
You feel sick. The killer bee stings you. The killer bee barely misses you.
You closely miss the killer bee.
You feel sick. The killer bee closely misses you. The killer bee stings you.
* * * LOW HITPOINT WARNING * * *
Are you sure you want to shaft yourself?
You feel sick. The killer bee stings you.
* * * LOW HITPOINT WARNING * * *
You are lethally poisoned!
The killer bee poisons you! The killer bee closely misses you.
You begin to dig a shaft.
You continue digging a shaft.
* * * LOW HITPOINT WARNING * * *
You feel very sick. The killer bee stings you.
* * * LOW HITPOINT WARNING * * *
The killer bee stings you.
You die...

######### ........# ........#
........# ........###
........+.# ........#.##
########..... #. #....# #.....
###. #....# #..... ...##....#
#.....
#############.......###.....
.......@y>..+.......+.'.....
###########...#.......###.....
.......)......................
.........#.........######.#.##
.......#.#....................
.#.....#.#........#######.####
#.....#.#..............#.#
#.....#.#......#######.#.#
#.....#.##.....# #.#
#.....#.......... .#
#.###+###. { #. .. # .. .## #


You could see a killer bee.

Vanquished Creatures
  Eustachio (D:5)
  A centaur (D:7)
  A phantom (D:5)
  A kobold brigand (D:7)
  Blork the orc (D:4)
  A scorpion (D:5)
  A killer bee (D:7)
  2 howler monkeys
  A gnoll bouda (D:3)
  A hound (D:5)
  An orc wizard (D:3)
  2 iguanas
  Robin (D:2)
  6 gnolls
  5 adders
  9 orcs
  6 ball pythons
  5 bats
  5 endoplasms
  3 giant cockroaches
  14 goblins
  9 hobgoblins
  2 jackals (D:1)
  2 quokkas
  4 frilled lizards
  10 kobolds
  7 rats
102 creatures vanquished.

Notes
Turn   | Place    | Note
-------+----------+-------------------------------------------
     0 | D:5      | petzl the Formicid Delver began the quest for the Orb.
     0 | D:5      | Reached XP level 1. HP: 18/18 MP: 1/1
    94 | D:6      | Noticed a water moccasin
   253 | D:6      | Noticed a water moccasin
   271 | D:5      | Noticed a hound
   309 | D:5      | Noticed an iguana
   329 | D:5      | Killed an iguana
   330 | D:5      | Reached skill level 1 in Armour
   330 | D:5      | Reached XP level 2. HP: 24/24 MP: 1/3
   330 | D:5      | Reached XP level 3. HP: 29/29 MP: 1/4
   399 | D:5      | Reached skill level 1 in Spellcasting
   431 | D:5      | Reached XP level 4. HP: 24/37 MP: 4/6
   658 | D:4      | Noticed Blork the orc
   674 | D:4      | Reached XP level 5. HP: 22/42 MP: 7/7
   793 | D:4      | Noticed Eustachio
   798 | D:4      | Learned a level 1 spell: Apportation
  1681 | D:1      | Learned a level 3 spell: Stone Arrow
  1948 | D:2      | Found a faded altar of an unknown god.
  2121 | D:3      | Noticed Robin
  2631 | D:3      | Reached XP level 6. HP: 26/48 MP: 8/8
  2827 | D:3      | Reached skill level 1 in Translocations
  3151 | D:2      | Killed Robin
  3152 | D:2      | Reached skill level 1 in Ranged Weapons
  3583 | D:4      | Reached skill level 1 in Evocations
  3860 | D:4      | Found a runed translucent door.
  3861 | D:4      | Noticed Crazy Yiuf
  3881 | D:4      | Reached XP level 7. HP: 49/54 MP: 10/10
  4054 | D:5      | Reached skill level 1 in Conjurations
  4054 | D:5      | Reached skill level 1 in Earth Magic
  4230 | D:5      | Killed Eustachio
  4473 | D:4      | Killed Blork the orc
  5251 | D:5      | Reached XP level 8. HP: 52/61 MP: 11/11
  5304 | D:6      | You are sucked into a shaft and drop 3 floors!
  5835 | D:7      | HP: 1/61 [killer bee (6)]
  5835 | D:7      | Slain by a killer bee

Illustrated notes

Levels and vault maps discovered:
D:1:      lightli_arrival_noodles, layout_loops_ring
D:2:      layout_loops_ring, hellmonk_ecumenical_altar_heavens_door
D:3:      layout_basic, minmay_starry_boxes, uniq_robin
D:4:      layout_rooms, uniq_crazy_yiuf_cottage, uniq_eustachio,
          uniq_blork_the_orc
D:5:      nicolae_cairo_tiling_large, layout_basic
D:6:      layout_layer_cave, minmay_temple_entry_crystal_x, serial_shops,
          nicolae_shop_back_alley_shop, grunt_ministairs_9, nrook_pool_corridor
D:7:      layout_basic, lemuel_doored_altar
D:8:      minmay_chambers_of_sevens, layout_basic, uniq_pikel
D:9:      minmay_the_grid_triangle_9x9_rhombus_thin
          [minmay_the_grid_triangle_9x9_fully_insulated_deathbox,
          minmay_the_grid_triangle_9x9_prize_top_heavy,
          minmay_the_grid_triangle_9x9_stretched_checkered,
          minmay_the_grid_triangle_9x9_swiss_cheese], layout_loops_corners,
          grunt_lair_entry_orc_guard_hut

Skill      XL: |  1  2  3  4  5  6  7  8 |
---------------+-------------------------+-----
Armour         | 1 2 |  2.9
Dodging        | 2 3 4 |  4.1
Spellcasting   | 1 2 |  2.7
Fighting       | 4 |  4.6
Translocations | 1 |  1.8
Ranged Weapons | 1 2 |  2.5
Evocations     | 1 2 |  2.0
Conjurations   | 1 2 |  2.0
Earth Magic    | 2 |  2.7
Maces & Flails | |  2.0
Stealth        | |  6.7

Action                     |  1- 3 |  4- 6 |  7- 9 || total
---------------------------+-------+-------+-------++-------
  Melee: Flail             |     9 |    34 |    19 ||    62
         Short sword       |       |   133 |       ||   133
         Punch             |       |     2 |     1 ||     3
         Rapier            |       |    35 |    99 ||   134
         Trident           |       |       |     2 ||     2
   Fire: Sling             |       |    48 |    29 ||    77
         Shortbow          |       |       |     1 ||     1
  Throw: Stone             |     4 |       |       ||     4
         Throwing net      |     1 |       |       ||     1
Ability: Shaft Self        |       |       |     2 ||     2
    Use: Scroll            |       |     1 |     5 ||     6
         Potion            |       |       |     1 ||     1
   Stab: Held in net/web   |     1 |       |       ||     1
         Sleeping          |     3 |    11 |     1 ||    15
         Distracted        |       |     1 |       ||     1
 Armour: Leather armour    |     3 |   114 |       ||   117
         Ring mail         |       |    21 |   109 ||   130
  Dodge: Dodged            |     1 |   163 |   118 ||   282

Table legend: (Time is in decaauts)
 A = Elapsed time spent in this place.
 B = Non-inter-level travel time spent in this place.
 C = Inter-level travel time spent in this place.
 D = Time resting spent in this place.
 E = Time spent auto-exploring this place.
 F = Levels seen in this place.
 G = Mean time per level.
                   A        B        C        D        E       F      G
               +--------+--------+--------+--------+--------+-----+--------+
         Total |   5902 |   5504 |    398 |   1391 |   2568 |   9 |  655.8 |
       Dungeon |   5902 |   5504 |    398 |   1391 |   2568 |   9 |  655.8 |
               +--------+--------+--------+--------+--------+-----+--------+

Top non-repeatable levels by time:
     D:3: 1297 daAuts
     D:4: 1189 daAuts
     D:5: 1156 daAuts
     D:1: 878 daAuts
     D:2: 733 daAuts
     D:7: 265 daAuts
     D:9: 227 daAuts
     D:6: 108 daAuts
     D:8: 45 daAuts
